 Dungeon Crawl Stone Soup version 0.20.1-1-g8b1a95d (webtiles) character file.

112 esteth the Poker (level 4, -6/33 HPs)
             Began as a Merfolk Skald on Oct 16, 2017.
             Mangled by an ice beast (14 damage)
             ... on level 3 of the Dungeon.
             The game lasted 00:06:55 (1722 turns).

esteth the Poker (Merfolk Skald)                    Turns: 1722, Time: 00:06:55

Health: -6/33      AC:  3    Str: 11    XL:     4   Next: 95%
Magic:  3/7        EV: 12    Int: 18    God:
Gold:   81         SH:  0    Dex: 13    Spells: 4/7 levels left

rFire    . . .     SeeInvis .   a - +0 spear
rCold    . . .     Gourm    .   (no shield)
rNeg     . . .     Faith    .   b - +0 leather armour
rPois    .         Spirit   .   (no helmet)
rElec    .         Reflect  .   (no cloak)
rCorr    .         Harm     .   (no gloves)
MR       .....                  (no boots)
Stlth    +.........             (no amulet)
Regen    0.2/turn               j - +6 ring of slaying
MPRegen  0.1/turn               (no ring)

@: brilliant, shrouded, infused
A: change form in water, swift swim, stealthy swim
a: no special abilities


You were on level 3 of the Dungeon.
You were hungry.

You visited 1 branch of the dungeon, and saw 3 of its levels.

You collected 81 gold pieces.

Inventory:

Hand Weapons
 a - a +0 spear (weapon)
Armour
 b - a +0 leather armour (worn)
Jewellery
 j - a +6 ring of slaying (left hand)
Scrolls
 e - a scroll of fear {unknown}
 g - 5 scrolls of enchant armour {unknown}
 i - 3 scrolls of identify {unknown}
 m - a scroll of remove curse {unknown}
 n - a scroll of enchant weapon {unknown}
 o - 2 scrolls of immolation {unknown}
Potions
 h - a potion of lignification {unknown}
 p - a potion of heal wounds {unknown}
 q - a potion of cancellation {unknown}
Books
 c - a book of Battle

   Spells                             Type                      Level
   a - Infusion                       Charms                       1
   b - Shroud of Golubria             Charms/Translocation         2
   c - Song of Slaying                Charms                       2
   d - Spectral Weapon                Hexes/Charms                 3
   e - Regeneration                   Charms/Necromancy            3
Comestibles
 d - a bread ration
 f - 2 chunks of flesh
 k - 2 royal jellies
 r - 2 fruits
 s - a meat ration


   Skills:
 - Level 2.1 Fighting
 - Level 5.5 Polearms
 - Level 0.6 Armour
 - Level 2.6 Dodging
 - Level 2.0 Spellcasting
 - Level 4.3 Charms
 + Level 1.1 Translocations


You had 4 spell levels left.
You knew the following spells:

 Your Spells              Type           Power        Failure   Level  Hunger
a - Infusion              Chrm           ####         1%          1    #......
b - Shroud of Golubria    Chrm/Tloc      ###.......   1%          2    ###....


Dungeon Overview and Level Annotations

Branches:
Dungeon (3/15)

Altars:
Qazlal


Message History

The kobold throws a stone.
The stone hits you.
* * * LOW HITPOINT WARNING * * *
You see here a stone.
You see here a stone.
It was a potion of brilliance.
You feel clever all of a sudden.
You see here a stone.
Cast which spell? (? or * to list) Space distorts slightly along a thin shroud covering your body.
The ice beast barely misses you.
Casting: Shroud of Golubria
Confirm with . or Enter, or press ? or * to list all spells.
You begin infusing your attacks with magical energy.
The ice beast barely misses you.
You puncture the ice beast!
The ice beast is heavily wounded.
The ice beast hits you.
* * * LOW HITPOINT WARNING * * *
The ice beast freezes you!
You die...

#.#####.#
#.#####.#
......#.########
#..#.#..#......#
#.##.##.#.####.#
#..........# #.#
#.#####.#.## #.#
##.###.####
#.#######
###...#
#..@YK..#
...#######
#.#####.#
##.#.....#
#.#####.#
##.#.....#
#....##.#
.........#
#.##.##K#
##.#.....#
#.##.##(#
##.#.....#
#.......#
...#######
##(....##
...#####
##.....#


You could see an ice beast and a kobold.

Vanquished Creatures
  A jelly (D:2)
  A hound skeleton (D:3)
  An adder (D:2)
  A worm (D:2)
  2 dart slugs
  3 leopard geckos (D:3)
  An orc (D:3)
  2 giant cockroaches
  4 goblins
  8 hobgoblins
  2 jackals (D:1)
  2 quokkas (D:2)
  A ball python (D:3)
  7 bats
  4 frilled lizards
  9 kobolds
  2 rats (D:2)
51 creatures vanquished.

Notes
Turn   | Place    | Note
-------+----------+-------------------------------------------
     0 | D:1      | esteth the Merfolk Skald began the quest for the Orb.
     0 | D:1      | Reached XP level 1. HP: 16/16 MP: 3/3
   223 | D:1      | Reached skill level 4 in Polearms
   223 | D:1      | Reached XP level 2. HP: 16/22 MP: 5/5
   465 | D:1      | Learned a level 2 spell: Shroud of Golubria
   534 | D:1      | Reached XP level 3. HP: 27/27 MP: 6/6
   617 | D:2      | Reached skill level 5 in Polearms
   692 | D:2      | Found a stormy altar of Qazlal.
   809 | D:2      | Found a faded altar of an unknown god.
  1029 | D:2      | Reached XP level 4. HP: 33/33 MP: 7/7
  1547 | D:3      | Reached skill level 1 in Translocations
  1645 | D:3      | Noticed an ice beast
  1722 | D:3      | Mangled by an ice beast

Skill      XL: |  1  2  3  4 |
---------------+-------------+-----
Polearms       | 4 5 |  5.5
Charms         | 4 |  4.3
Translocations | 1 |  1.1
Fighting       | |  2.1
Armour         | |  0.6
Dodging        | |  2.6
Spellcasting   | |  2.0

Action                   |  1- 3 |  4- 6 || total
-------------------------+-------+-------++-------
Melee: Spear             |   121 |    39 ||   160
 Cast: Shroud of Golubri |       |     1 ||     1
       Infusion          |       |     1 ||     1
  Use: Potion            |       |     1 ||     1
 Stab: Sleeping          |     1 |     1 ||     2
  Eat: Chunk             |       |     2 ||     2
Armor: Leather armour    |    15 |     3 ||    18
Dodge: Dodged            |    53 |    14 ||    67
